 Dungeon Crawl Stone Soup version 0.21-a0-2-ge494091 (webtiles) character file.

130338 useraccount the End of an Era (level 17, -5/133 HPs)
             Began as a Formicid Fighter on May 20, 2017.
             Was the Champion of Qazlal.
             Shot with an arrow by a naga sharpshooter (16 damage)
             ... led by Vashnia
             ... on level 2 of the Snake Pit on May 21, 2017.
             The game lasted 00:43:44 (24183 turns).

useraccount the End of an Era (Formicid Fighter)   Turns: 24183, Time: 00:43:45

Health: -5/133     AC: 44    Str: 30    XL:     17   Next: 64%
Magic:  16/29      EV:  6    Int: 10    God:    Qazlal [******]
Gold:   1500       SH: 26    Dex:  8    Spells: 16/16 levels left

rFire    + + +     SeeInvis +   a - +0 battleaxe (venom)
rCold    + . .     Gourm    .   P - +5 shield of Doethria {rF++ Int+2}
rNeg     + . .     Faith    .   e - +9 scales of the Dragon King {rPois rF+ rC+ MR+}
rPois    +         Spirit   .   (helmet unavailable)
rElec    .         Reflect  .   H - +2 cloak {+Inv}
rCorr    .         Harm     .   y - +0 pair of gloves
MR       ++...                  N - +2 pair of boots {Stlth+}
Stlth    ..........             x - amulet of regeneration
Regen    0.8/turn               A - +5 ring of protection
MPRegen  0.3/turn               F - ring of Seceduc {rPois rF+ rN+ Dex-5}

@: mighty, protected from physical damage, constricted, repel missiles
A: permanent stasis, dig shafts and tunnels, four strong arms, antennae 3
a: Dig, Shaft Self, Upheaval, Elemental Force, Disaster Area, Renounce Religion,
Evoke Invisibility


You were on level 2 of the Snake Pit.
You worshipped Qazlal.
Qazlal was exalted by your worship.
You were not hungry.

You visited 5 branches of the dungeon, and saw 26 of its levels.
You also visited: Bailey and Ice Cave.

You collected 3247 gold pieces.
You spent 1747 gold pieces at shops.

Inventory:

Hand Weapons
 a - a +0 battleaxe of venom (weapon)
 b - a +0 war axe of flaming
Missiles
 J - 5 steel javelins (quivered)
Armour
 e - the +9 scales of the Dragon King (worn) {rPois rF+ rC+ MR+}
   (You bought it in a shop on level 14 of the Dungeon)

   It protects you from fire.
   It protects you from cold.
   It protects you from poison.
   It affects your resistance to hostile enchantments.
 y - a +0 pair of gloves (worn)
 H - a +2 cloak of invisibility (worn)
 N - a +2 pair of boots of stealth (worn)
 P - the +5 shield of Doethria (worn) {rF++ Int+2}
   (You found it on level 6 of the Lair of Beasts)

   It affects your intelligence (+2).
   It greatly protects you from fire.
Jewellery
 x - an amulet of regeneration (around neck)
 A - a +5 ring of protection (left hand)
 F - the ring of Seceduc (right hand) {rPois rF+ rN+ Dex-5}
   (You found it on level 7 of the Dungeon)

   [ring of protection from fire]

   It affects your dexterity (-5).
   It protects you from fire.
   It protects you from poison.
   It protects you from negative energy.
Wands
 k - a wand of paralysis (8/24)
 u - a wand of polymorph (15/24)
 G - a wand of disintegration (9/24)
 M - a wand of iceblast (9/15)
 Q - a wand of confusion (24/48)
 S - a wand of enslavement (14/24)
 Y - a wand of scattershot (3/9)
Scrolls
 g - a scroll of holy word
 h - 7 scrolls of magic mapping
 j - 4 scrolls of fog
 p - a scroll of identify
 s - 6 scrolls of remove curse
 B - 4 scrolls of enchant armour {unknown}
 R - 3 scrolls of fear
 W - a scroll of summoning
Potions
 d - 3 potions of might
 i - 6 potions of curing
 n - a potion of cancellation
 o - 4 potions of agility
 C - 4 potions of flight
 K - 2 potions of heal wounds
 V - 4 potions of magic
 X - a potion of resistance
Comestibles
 f - 18 bread rations


   Skills:
 + Level 12.0 Fighting
 + Level 15.9 Axes
 + Level 11.8 Armour
 + Level 9.3 Dodging
 + Level 12.3 Shields
 + Level 17.6 Invocations


You had 16 spell levels left.
You didn't know any spells.

Dungeon Overview and Level Annotations

Branches:
Dungeon (15/15)            Temple (1/1) D:5            Lair (6/6) D:8
 Shoals (0/4) Lair:2        Snake (1/4) Lair:4        Slime (0/5) Lair:5
    Orc (2/2) D:10            Elf (0/3) Orc:2        Vaults (0/5) D:14
 Depths (0/5) D:15

Altars:
Ashenzari
Cheibriados
Dithmenos
Elyvilon
Fedhas
Gozag
Hepliaklqana
Kikubaaqudgha
Makhleb
Nemelex Xobeh
Okawaru
Qazlal
Ru
Sif Muna
Trog
Uskayaw
Vehumet
Wu Jian
Xom
Yredelemnul
Zin
The Shining One
Beogh

Shops:
D:4 (   D:12 (   D:14 *!([[   D:15 [[[   Orc:1 [   Orc:2 (!([

Annotations:
Snake:2 Vashnia


Innate Abilities, Weirdness & Mutations

You cannot be hasted, slowed, berserked, paralysed or teleported.
You can dig through walls and to a lower floor.
Your four strong arms can wield two-handed weapons with a shield.
You have a pair of large antennae on your head. (SInv)


Message History

You block the anaconda's attack. The anaconda constricts you.
You block the anaconda's attack. The anaconda constricts you.
The naga sharpshooter is engulfed in blazing flames.
The naga sharpshooter shoots an arrow.
The arrow hits you but does no damage.
You slice the anaconda!!
The anaconda is poisoned.
The anaconda is almost dead.
You block the anaconda's attack.
* * * LOW HITPOINT WARNING * * *
The anaconda constricts you.
The naga sharpshooter gestures wildly while chanting.
The naga sharpshooter magically shoots an arrow.
You block the arrow.
The anaconda bites you but does no damage.
* * * LOW HITPOINT WARNING * * *
The anaconda constricts you.
The naga sharpshooter is engulfed in blazing flames.
The naga sharpshooter gestures wildly while chanting.
The naga sharpshooter magically shoots an arrow.
The arrow hits you!
You die...

'### ####### .....#
...###.....## ....
..#.#.#####.### ...
..#.#.......'.####.#
8.#.'...8...#..≈(.≈#
..#.#.......+.#≈...#
..#.#.#####.###§(§§#
...###. .## #§§.§#
+### ## # #.@.§#
#)S.N# #$))§≈≈.
#≈.)≈.N.# ###†....#
....... {.......
.$.....


You could see 2 naga sharpshooters and an anaconda.

Vanquished Creatures
  Saint Roka (Orc:2)
  Gastronok (D:9)
  Kirke (D:12)
  Agnes (D:14)
  Louise (Snake:2)
  The ghost of Chaoticas the Martial Artist, a journeyman GnTm of Okawaru (Lair:4)
  Azrael (D:12)
  The ghost of laceratedsky the Severer, a journeyman MiBe of Trog (D:12)
  A dire elephant (D:15)
  The ghost of LogicNinja the Carver, a journeyman MiBe of Trog (D:13)
  A yaktaur captain (D:14)
  2 naga warriors (Snake:1)
  Harold (D:10)
  A fire dragon (Lair:6)
  An ogre mage (D:15)
  12 hydras
  2 anacondas
  2 catoblepae
  2 centaur warriors
  A death knight (D:14)
  4 two-headed ogres
  A death yak (Lair:3)
  An orc high priest (Orc:2)
  The ghost of fooot the Jinx, a journeyman SpEn of Gozag (D:12)
  3 naga sharpshooters (Snake:2)
  A shock serpent (Snake:2)
  Nergalle (D:10)
  5 skeletal warriors (D:14)
  An unseen horror (D:10)
  A lindwurm (Lair:3)
  A swamp dragon (Lair:6)
  A necromancer (IceCv)
  2 orc knights
  A wolf spider (D:15)
  2 mana vipers
  3 manticores
  4 deep elf magi
  13 ugly things
  A salamander (shapeshifter) (D:13)
  Maurice (D:13)
  2 cyclopes
  An orc sorcerer (Orc:2)
  A salamander (Snake:1)
  14 elephants
  2 naga magi
  11 black mambas
  An ice statue (IceCv)
  A merfolk siren (Lair:2)
  A guardian serpent (Snake:1)
  Joseph (D:8)
  A gargoyle (D:13)
  3 torpor snails
  7 spiny frogs
  5 centaur skeletons
  A kobold demonologist (D:14)
  11 freezing wraiths
  11 komodo dragons
  4 rime drakes
  2 yaktaurs (D:14)
  10 trolls
  A merfolk (D:15)
  The ghost of sirboomalot the Nimble, a novice FeMo of Hepliaklqana (D:7)
  2 wolf spider simulacra (IceCv)
  A hornet (D:15)
  12 polar bears
  2 raiju (Lair:6)
  Prince Ribbit (Lair:2)
  23 blink frogs
  A harpy skeleton (D:13)
  12 slime creatures
  5 dream sheep (Lair:5)
  A raiju (shapeshifter) (D:13)
  8 hippogriffs
  2 meliai zombies
  A shadow (D:15)
  2 spriggans (Lair:2)
  3 wraiths
  64 yaks
  A vampire (D:11)
  8 wyverns
  2 hogs
  5 basilisks
  2 hungry ghosts
  5 acid dragons
  7 wargs
  7 nagas
  A soldier ant (D:12)
  A water moccasin (shapeshifter) (D:15)
  20 water moccasins
  8 porcupines
  20 hell hounds
  5 sky beasts
  45 orc warriors
  3 swamp drakes (Lair:6)
  An alligator simulacrum (IceCv)
  A hornet zombie (D:13)
  11 ice beasts
  2 phantoms
  30 wolves
  12 black bears
  12 ogres
  3 necrophages
  The ghost of fearitself the Chiller, an amateur BaIE (D:3)
  21 crocodiles
  14 centaurs
  A big kobold (D:11)
  14 bullfrogs
  A scorpion (D:7)
  3 killer bees (D:7)
  6 wights
  5 howler monkeys
  4 electric eels
  4 crimson imps
  6 draconian simulacra (IceCv)
  A bullfrog zombie (D:6)
  5 hounds
  4 jellies
  A quasit (D:7)
  16 orc priests
  A centaur zombie (D:8)
  2 bullfrog skeletons
  Crazy Yiuf (D:7)
  Jessica (D:3)
  4 iguanas
  37 orc wizards
  2 spriggan simulacra (IceCv)
  4 troll simulacra (IceCv)
  10 worker ants
  2 killer bee zombies (D:8)
  A wolf simulacrum (IceCv)
  4 centaur simulacra (IceCv)
  A hound zombie (D:9)
  3 hound skeletons
  A howler monkey zombie (D:7)
  A worker ant zombie (D:11)
  9 gnolls
  An ogre simulacrum (IceCv)
  18 adders
  3 naga simulacra (IceCv)
  5 shadow imps
  24 white imps
  2 adder zombies (D:9)
  3 adder skeletons
  2 worms
  6 leopard geckos
  121 orcs
  6 giant cockroaches
  11 goblins
  13 hobgoblins
  14 jackals
  4 quokkas
  A ball python (D:4)
  9 bats
  3 frilled lizards
  12 kobolds
  A leopard gecko skeleton (D:4)
  A quokka zombie (D:9)
  A rat (D:2)
  A butterfly (Lair:1)
  3 fungi
  10 plants
993 creatures vanquished.

Vanquished Creatures (others)
  A centaur skeleton (D:13)
  A bush (Lair:6)
  8 fungi
  33 plants
  5 toadstools (Lair:3)
48 creatures vanquished.

Grand Total: 1041 creatures vanquished

Notes
Turn   | Place    | Note
-------+----------+-------------------------------------------
     0 | D:1      | useraccount the Formicid Fighter began the quest for the Orb.
     0 | D:1      | Reached XP level 1. HP: 18/18 MP: 1/1
    32 | D:1      | Reached XP level 2. HP: 19/24 MP: 2/2
   287 | D:1      | Reached XP level 3. HP: 28/29 MP: 3/3
   875 | D:3      | Reached XP level 4. HP: 26/37 MP: 4/4
   960 | D:3      | Noticed fearitself's ghost (amateur BaIE)
   969 | D:3      | Killed fearitself's ghost
   969 | D:3      | Reached skill level 1 in Dodging
   969 | D:3      | Reached XP level 5. HP: 32/42 MP: 5/5
  1196 | D:3      | Reached XP level 6. HP: 24/48 MP: 6/6
  1497 | D:3      | Noticed Jessica
  1506 | D:3      | Killed Jessica
  2388 | D:4      | Reached XP level 7. HP: 48/55 MP: 7/7
  2424 | D:4      | Found Kirgh's Weapon Shop.
  2433 | D:4      | Reached skill level 5 in Shields
  2756 | D:5      | Entered Level 5 of the Dungeon
  2769 | D:5      | Found a staircase to the Ecumenical Temple.
  2779 | D:5      | Reached skill level 5 in Armour
  2817 | Temple   | Entered the Ecumenical Temple
  3065 | Temple   | Became a worshipper of Qazlal Stormbringer
  3087 | D:5      | Reached skill level 5 in Fighting
  3087 | D:5      | Reached skill level 5 in Axes
  3087 | D:5      | Reached skill level 1 in Invocations
  3087 | D:5      | Reached XP level 8. HP: 35/62 MP: 8/8
  3354 | D:5      | Reached skill level 2 in Invocations
  3865 | D:6      | Reached skill level 3 in Invocations
  4106 | D:6      | Reached XP level 9. HP: 44/68 MP: 11/11
  4108 | D:6      | Reached * piety under Qazlal
  4276 | D:6      | Reached skill level 4 in Invocations
  4725 | D:7      | Reached skill level 5 in Invocations
  5078 | D:7      | Got a smoking lapis lazuli ring
  5081 | D:7      | Identified the ring of Seceduc {rPois rF+ rN+ Dex-5} (You found it on level 7 of the Dungeon)
  5143 | D:7      | Reached ** piety under Qazlal
  5285 | D:7      | Reached skill level 6 in Invocations
  5298 | D:7      | Noticed sirboomalot's ghost (novice FeMo)
  5400 | D:7      | Killed sirboomalot's ghost
  5400 | D:7      | Reached XP level 10. HP: 45/76 MP: 14/14
  5459 | D:7      | Found a runed door.
  5937 | D:7      | Noticed Crazy Yiuf
  5940 | D:7      | Killed Crazy Yiuf
  6066 | D:8      | Reached skill level 7 in Invocations
  6418 | D:8      | Reached skill level 8 in Invocations
  6457 | D:8      | Noticed Joseph
  6466 | D:8      | Killed Joseph
  6545 | D:8      | Found a staircase to the Lair.
  6771 | D:9      | Noticed Gastronok
  6791 | D:9      | Killed Gastronok
  6791 | D:9      | Reached skill level 9 in Invocations
  6791 | D:9      | Reached XP level 11. HP: 56/81 MP: 16/18
  6888 | D:9      | Found a burning altar of Makhleb.
  6930 | D:9      | Reached *** piety under Qazlal
  7004 | D:9      | Reached skill level 10 in Invocations
  7166 | D:9      | Reached skill level 10 in Axes
  7711 | D:10     | Entered Level 10 of the Dungeon
  7711 | D:10     | Noticed Nergalle
  7723 | D:10     | Killed Nergalle
  7939 | D:10     | Noticed Harold
  7964 | D:10     | Killed Harold
  8050 | D:10     | Noticed an unseen horror
  8055 | D:10     | Killed an unseen horror
  8055 | D:10     | Reached skill level 11 in Invocations
  8104 | D:10     | Reached **** piety under Qazlal
  8512 | D:10     | Found a staircase to the Orcish Mines.
  8595 | D:11     | Noticed a brown ugly thing
  8609 | D:11     | Killed a brown ugly thing
  8609 | D:11     | Reached XP level 12. HP: 61/88 MP: 20/20
  8631 | D:11     | Found a flagged portal.
  8645 | Bailey   | Entered a bailey
  8750 | Bailey   | Reached skill level 10 in Shields
  9182 | D:11     | Reached ***** piety under Qazlal
  9293 | D:11     | Reached skill level 12 in Invocations
  9787 | D:12     | Noticed a two-headed ogre
  9795 | D:12     | Killed a two-headed ogre
  9911 | D:12     | Noticed laceratedsky's ghost (journeyman MiBe)
 10073 | D:12     | Noticed fooot's ghost (journeyman SpEn)
 10097 | D:12     | Killed fooot's ghost
 10154 | D:12     | Found Pump's Antique Weapon Emporium.
 10179 | D:12     | Noticed a five-headed hydra
 10183 | D:12     | Killed a four-headed hydra
 10387 | D:12     | Killed laceratedsky's ghost
 10475 | D:12     | Noticed Azrael
 10495 | D:12     | Killed Azrael
 10823 | D:13     | Reached XP level 13. HP: 34/96 MP: 22/22
 10837 | D:13     | Reached skill level 5 in Dodging
 10977 | D:13     | Reached skill level 13 in Invocations
 11251 | D:13     | Noticed LogicNinja's ghost (journeyman MiBe)
 11254 | D:13     | Noticed Kirke
 11399 | D:12     | Killed Kirke
 11435 | D:13     | Killed LogicNinja's ghost
 11485 | D:13     | Found a shadowy altar of Dithmenos.
 11532 | D:13     | Noticed Maurice
 11543 | D:13     | Killed Maurice
 11548 | D:13     | Noticed a seven-headed hydra
 11554 | D:13     | Killed a five-headed hydra
 11777 | D:13     | Noticed a centaur warrior
 11788 | D:13     | Killed a centaur warrior
 12140 | Lair:1   | Entered Level 1 of the Lair of Beasts
 12140 | Lair:1   | Noticed a seven-headed hydra
 12153 | Lair:1   | Killed a one-headed hydra
 12253 | Lair:1   | Noticed a seven-headed hydra
 12261 | Lair:1   | Killed an eight-headed hydra
 12521 | Lair:1   | Reached skill level 14 in Invocations
 12964 | Lair:2   | Noticed Prince Ribbit
 12974 | Lair:1   | Reached XP level 14. HP: 49/106 MP: 24/24
 13129 | Lair:2   | Found a shadowy altar of Dithmenos.
 13154 | Lair:2   | Killed Prince Ribbit
 13227 | Lair:2   | Reached ****** piety under Qazlal
 13293 | Lair:2   | Found a frozen archway.
 13311 | IceCv    | Entered an ice cave
 13758 | IceCv    | Found an ancient bone altar of Kikubaaqudgha.
 13981 | IceCv    | Reached skill level 15 in Invocations
 14439 | Lair:2   | Found a staircase to the Shoals.
 15201 | Lair:3   | Reached XP level 15. HP: 115/115 MP: 26/26
 15276 | Lair:3   | Found a runed door.
 15889 | Lair:4   | Noticed Chaoticas's ghost (journeyman GnTm)
 16112 | Lair:4   | Found a staircase to the Snake Pit.
 16260 | Lair:4   | Killed Chaoticas's ghost
 16935 | Lair:5   | Found a runed door.
 17002 | Lair:5   | Reached skill level 10 in Armour
 17089 | Lair:5   | Reached skill level 10 in Fighting
 17370 | Lair:5   | Found a staircase to the Slime Pits.
 17797 | Lair:6   | Entered Level 6 of the Lair of Beasts
 17830 | Lair:6   | Reached skill level 16 in Invocations
 18174 | Lair:6   | Found a shimmering altar of Xom.
 18191 | Lair:6   | Reached XP level 16. HP: 123/123 MP: 28/28
 19438 | Lair:6   | Got a dazzling shield
 19453 | Lair:6   | Identified the +5 shield of Doethria {rF++ Int+2} (You found it on level 6 of the Lair of Beasts)
 20064 | D:14     | Reached skill level 15 in Axes
 20116 | D:14     | Found Ocrasto's Distillery.
 20275 | D:14     | Found a gate to the Vaults.
 20338 | D:14     | Found Axet's Antique Armour Shop.
 20415 | D:14     | Found Tunaegg's Armour Emporium.
 20422 | D:14     | Bought the +9 scales of the Dragon King {rPois rF+ rC+ MR+} for 1747 gold pieces
 20517 | D:14     | Found Faipnomp's Antique Weapon Shop.
 20696 | D:14     | Found Jemulin's General Store.
 20879 | D:15     | Entered Level 15 of the Dungeon
 20879 | D:15     | Noticed Agnes
 20909 | D:14     | Killed Agnes
 20975 | D:15     | Reached skill level 17 in Invocations
 21079 | D:15     | Reached XP level 17. HP: 126/131 MP: 29/29
 21432 | D:15     | Found a staircase to the Depths.
 21471 | D:15     | Found Kicoqoed's Armour Shop.
 21472 | D:15     | Found Fuatsol's Antique Armour Emporium.
 21476 | D:15     | Found Zaullotz's Armour Boutique.
 21770 | Orc:1    | Entered Level 1 of the Orcish Mines
 22182 | Orc:1    | Found Qeamutepyso's Armour Shop.
 22199 | Orc:2    | Entered Level 2 of the Orcish Mines
 22501 | Orc:2    | Found a roughly hewn altar of Beogh.
 22849 | Orc:2    | Noticed Saint Roka
 22883 | Orc:2    | Killed Saint Roka
 23153 | Orc:2    | Found a roughly hewn altar of Beogh.
 23157 | Orc:2    | Found a staircase to the Elven Halls.
 23211 | Orc:2    | Found a roughly hewn altar of Beogh.
 23253 | Orc:2    | Found a roughly hewn altar of Beogh.
 23256 | Orc:2    | Found Viech's Distillery.
 23330 | Orc:2    | Found Liedihou's Weapon Boutique.
 23368 | Orc:2    | Found a roughly hewn altar of Beogh.
 23405 | Orc:2    | Found Goevisea's Antique Weapon Emporium.
 23408 | Orc:2    | Found a roughly hewn altar of Beogh.
 23409 | Orc:2    | Found Kuibo's Antique Armour Shoppe.
 23741 | Snake:1  | Entered Level 1 of the Snake Pit
 24005 | Snake:1  | You fall through a shaft!
 24012 | Snake:2  | Noticed Louise
 24041 | Snake:2  | Killed Louise
 24165 | Snake:2  | Noticed Vashnia
 24183 | Snake:2  | Shot with an arrow by a naga sharpshooter

Vault maps used:
D:1:      dpeg_arrival_short_road
D:3:      uniq_jessica
D:4:      serial_shops, kennysheep_mini, first_bread
D:5:      temple_doors_cd
D:7:      uniq_crazy_yiuf_cottage
D:8:      erik_lair_dragon, uniq_joseph
D:9:      minmay_flawed_box, overflow_temple_1_default, uniq_gastronok
D:10:     hiddenorc1_lemuel, uniq_nergalle, uniq_harold
D:11:     enter_bailey_3, grunt_ogre_cave
D:12:     serial_shops, shop, uniq_azrael
D:13:     hangedman_decor_opposing, small_statue_alley_a,
          nicolae_dithmenos_the_darkroom, uniq_maurice, uniq_kirke
D:14:     david_vaults_2, serial_shops, nicolae_shop_waterfront,
          nicolae_shop_crystal, shop_statue, nicolae_shop_stone, shop
D:15:     hangedman_depths_entry_try_elsewhere_first, serial_shops, shop,
          nicolae_shop_stone, shop_statue, uniq_agnes
Temple:   nicolae_temple_the_god_donut
Lair:1:   beast_lair_carwin_6, grunt_megastairs_5, lemuel_fruit_fields
Lair:2:   wad_woods_tower, minmay_shoals_entry_lonely_mermaid, basic_altar,
          portal_ice_cave_entry_imps, st_stairs_4, uniq_prince_ribbit2
Lair:3:   gammafunk_lair_enchanted_lake, hibernation_bobbens, lemuel_fruit_tree,
          infiniplex_staircase_pool_2
Lair:4:   guppyfry_snake_entry_island, patterned_corridor, grunt_megastairs_2,
          serial_bayou_shore_a
Lair:5:   slime_dummy, pf_torpor_hydra
Lair:6:   hangedman_lair_caniforms_friends, guppyfry_lair_end_dragon,
          basic_altar, minmay_stone_trees_small, minivault_11, st_stairs_9,
          grunt_megastairs_4, infiniplex_staircase_pool
Snake:2:  grunt_megastairs_1, uniq_vashnia, uniq_louise, uniq_aizul
Orc:1:    serial_shops, shop
Orc:2:    grunt_orc_community_town_hall, grunt_orc_community_big_house_2,
          grunt_orc_community_big_house_2, grunt_orc_community_house_3,
          grunt_orc_community_house_1, grunt_orc_community_house_2,
          grunt_orc_community_house_2, grunt_orc_community_house_1,
          grunt_orc_community_house_1, nicolae_orc_damp_corner
Bailey:   bailey_axe_1, bailey
IceCv:    ice_cave_small_necro

Skill      XL: |  1  2  3  4  5  6  7  8  9 10 11 12 13 14 15 16 17 |
---------------+----------------------------------------------------+-----
Axes           | 3 4 5 6 7 9 11 12 13 14 15 | 15.9
Fighting       | 4 5 6 7 8 9 10 11 12 | 12.0
Armour         | 4 5 6 7 8 9 10 11 | 11.8
Dodging        | 1 2 3 4 6 7 8 9 |  9.3
Shields        | 4 5 6 8 9 10 11 12 | 12.3
Invocations    | 1 3 6 9 11 12 14 15 16 17 | 17.6

Action                   |  1- 3 |  4- 6 |  7- 9 | 10-12 | 13-15 | 16-18 || total
-------------------------+-------+-------+-------+-------+-------+-------++-------
Melee: War axe           |    92 |   130 |    70 |     2 |    52 |    16 ||   362
       Broad axe         |       |       |   235 |   636 |  1064 |   946 ||  2881
       Battleaxe         |       |       |       |       |       |    56 ||    56
Invok: Disaster Area     |       |       |       |       |       |     2 ||     2
 Abil: Dig               |       |       |       |     1 |     1 |     1 ||     3
  Use: Scroll            |       |       |     7 |     2 |    10 |    15 ||    34
       Potion            |       |       |       |       |       |     1 ||     1
  Eat: Chunk             |       |     5 |    10 |    16 |    25 |    18 ||    74
       Fruit             |       |       |       |     1 |     4 |     2 ||     7
       Meat ration       |       |       |       |       |       |     1 ||     1
Armor: Scale mail        |    47 |    55 |    79 |       |       |       ||   181
       Chain mail        |       |       |    61 |    38 |       |       ||    99
       Plate armour      |       |       |       |   209 |   295 |       ||   504
       Quicksilver drago |       |       |       |       |   153 |    95 ||   248
       Gold dragon scale |       |       |       |       |       |   165 ||   165
Dodge: Dodged            |    49 |    48 |    98 |   123 |   348 |   173 ||   839
       Deflected         |       |       |       |    19 |    13 |    20 ||    52
Block: Shield            |    63 |    74 |   201 |   515 |  1171 |  1046 ||  3070
